AoeStats
← dashuaibi

Arena

507026528Analyzed
4v4 RM · 17d ago on Sep 16, 2026· 44m 27s· 8 players
Game mode
Random Map
Map size
Large (8 player)
Population
200
Speed
Normal
Resources
Standard
Victory
Conquest
Starting age
Dark Age
Ending age
Imperial Age
RankedLock teamsTeams togetherTeam positionsShared explorationLock speedFull tech treeHidden civsTurbo modeCheats
Victory
Defeat
🇨🇳 Bohemians · China
1353
+14
🇭🇰 Italians · Hong Kong SAR China
1335
+15
🇻🇳 Hindustanis · Vietnam
1326
+16
🇨🇳 Byzantines · China
1298
+17
🇹🇼 Teutons · Taiwan
1364
-18
🇨🇳 Italians · China
1363
-17
🇹🇷 Romans · Türkiye
1279
-14
🇦🇺 Malians · Australia
1263
-13
dashuaibi
8:53 Loom
10:46 Feudal Age
15:23 Castle Age
13:44 Double-Bit Axe
14:09 Horse Collar
21:51 Fletching
27:29 Bow Saw
27:29 Heavy Plow
32:36 Imperial Age
30:42 Wheelbarrow
30:14 Gold Mining
30:22 Stone Mining
30:49 Scale Barding Armor
31:33 Gold Shaft Mining
31:37 Ballistics
31:45 Fortified Wall
31:39 Bodkin Arrow
34:00 Hoardings
33:34 Bracer
34:25 Conscription
34:19 Forging
34:57 Crop Rotation
35:30 Two-Man Saw
35:58 Chain Barding Armor
36:45 Iron Casting
36:51 Stone Shaft Mining
38:47 Hand Cart
38:16 Elite Cataphract
40:09 Plate Barding Armor
42:14 Logistica
43:20 Chemistry
42:18 Murder Holes
43:47 Husbandry
andfoul
11:07 Feudal Age
14:37 Castle Age
12:41 Double-Bit Axe
13:25 Horse Collar
15:39 Bow Saw
21:16 Loom
22:07 Wheelbarrow
23:41 Hand Cart
28:32 Imperial Age
26:15 Heavy Plow
27:38 Chemistry
26:19 Treadmill Crane
26:14 Pikeman
26:55 Squires
28:19 Scale Mail Armor
29:21 Chain Mail Armor
28:33 Houfnice
28:42 Halberdier
29:56 Conscription
31:21 Two-Man Saw
30:37 Wagenburg Tactics
31:41 Plate Mail Armor
31:23 Forging
31:16 Arson
32:34 Man-at-Arms
34:15 Long Swordsman
35:34 Iron Casting
36:15 Caravan
37:34 Blast Furnace
36:01 Two-Handed Swordsman
38:12 Siege Engineers
45:04 Fortified Wall
Vince
10:03 Feudal Age
14:22 Castle Age
12:48 Fletching
15:17 Loom
25:56 Double-Bit Axe
27:44 Bow Saw
32:52 Bodkin Arrow
35:51 Gold Mining
37:53 Bloodlines
37:44 Husbandry
40:36 Scale Barding Armor
40:41 Forging
+Matt.Chak
10:26 Feudal Age
14:44 Castle Age
12:51 Double-Bit Axe
13:00 Stone Mining
13:22 Horse Collar
13:54 Loom
24:27 Imperial Age
22:33 Bow Saw
22:25 Gold Mining
22:51 Fletching
23:27 Bodkin Arrow
26:13 Wheelbarrow
27:40 Two-Man Saw
28:06 Ballistics
28:47 Conscription
29:04 Bracer
30:32 Padded Archer Armor
31:34 Chemistry
33:03 Conscription
33:34 Hand Cart
33:05 Town Watch
35:52 Leather Archer Armor
37:22 Elite Genoese Crossbowman
39:17 Ring Archer Armor
38:30 Treadmill Crane
41:36 Heavy Plow
42:13 Stone Shaft Mining
飛衫走奶
6:23 Loom
9:04 Feudal Age
10:53 Fletching
17:47 Double-Bit Axe
20:27 Wheelbarrow
19:34 Horse Collar
24:48 Castle Age
23:39 Forging
23:36 Gold Mining
24:13 Scale Barding Armor
25:48 Bloodlines
26:26 Bow Saw
27:51 Iron Casting
30:00 Bodkin Arrow
33:55 Chain Barding Armor
34:39 Hand Cart
35:18 Stone Mining
39:05 Imperial Age
39:17 Scale Mail Armor
39:18 Padded Archer Armor
39:13 Cavalier
40:36 Conscription
41:47 Blast Furnace
41:28 Plate Barding Armor
43:10 Paladin
citrusspecialist
8:28 Loom
10:15 Feudal Age
14:30 Castle Age
14:09 Double-Bit Axe
20:31 Horse Collar
24:21 Town Watch
26:05 Wheelbarrow
29:39 Imperial Age
28:28 Bow Saw
28:17 Gold Mining
31:18 Gold Shaft Mining
37:52 Forging
37:43 Scale Mail Armor
38:05 Stone Mining
38:23 Man-at-Arms
38:23 Pikeman
39:05 Squires
40:03 Iron Casting
39:44 Chain Mail Armor
39:10 Long Swordsman
39:36 Arson
39:53 Two-Handed Swordsman
冰石戟
10:23 Feudal Age
14:04 Castle Age
12:17 Double-Bit Axe
14:32 Horse Collar
16:59 Fletching
18:14 Loom
24:52 Bow Saw
25:41 Gold Mining
25:51 Heavy Plow
27:24 Wheelbarrow
29:50 Imperial Age
27:16 Stone Mining
27:44 Scale Mail Armor
28:39 Chain Mail Armor
30:22 Bodkin Arrow
30:27 Padded Archer Armor
31:38 Elite Skirmisher
32:22 Bracer
32:37 Leather Archer Armor
33:24 Chemistry
C42
10:55 Feudal Age
12:11 Double-Bit Axe
12:06 Horse Collar
15:13 Castle Age
16:07 Bow Saw
16:00 Heavy Plow
23:12 Wheelbarrow
22:57 Gold Mining
24:54 Hand Cart
25:52 Stone Mining
29:35 Imperial Age
26:52 Loom
26:53 Town Watch
27:48 Gold Shaft Mining
28:43 Fortified Wall
28:22 Man-at-Arms
29:03 Squires
29:36 Coinage
30:40 Ballistics
31:24 Chemistry
30:38 Ballistas
30:54 Heavy Scorpion
31:20 Cavalier
32:41 Crop Rotation
32:29 Siege Engineers
32:22 Murder Holes
32:55 Scale Barding Armor
33:01 Forging
33:39 Conscription
33:35 Husbandry
33:45 Bloodlines
34:27 Chain Barding Armor
34:53 Comitatenses
35:53 Plate Barding Armor
36:21 Iron Casting
36:51 Long Swordsman
39:23 Blast Furnace
39:36 Light Cavalry
Connection lost

Rejoining the realm…

Still unreachable

The connection could not be restored.

Session expired

The server has moved on; the page needs a fresh start.